 Dungeon Crawl Stone Soup version 0.29.0-4-gdea44cf6ec (webtiles) character file.

Game seed: 1138706509648458737

9238 qw the Grappler (level 11, -3/105 HPs)
             Began as a Troll Cinder Acolyte on Sept 1, 2022.
             Was an Initiate of Ignis.
             Slain by a hornet (13 damage)
             ... on level 9 of the Dungeon.
             The game lasted 00:03:49 (7527 turns).

qw the Grappler (Troll Cinder Acolyte)              Turns: 7527, Time: 00:03:49

Health: -3/105     AC: 16    Str: 28    XL:     11   Next: 20%
Magic:  20/20      EV:  9    Int: 16    God:    Ignis [......]
Gold:   414        SH:  0    Dex:  8    Spells: 12/12 levels left

rFire   + . .      SeeInvis +     - Unarmed
rCold   + . .      Faith    .   (no shield)
rNeg    + . .      Spirit   .   j - +2 robe {rN+}
rPois   .          Reflect  .   g - +2 hat
rElec   .          Harm     .   q - +0 cloak
rCorr   .          Rampage  .   (gloves unavailable)
Will    .....                   (boots unavailable)
Stlth   +.........              (no amulet)
HPRegen 1.07/turn               f - ring of the Pure Realms {MP+9 Int+6 Dex+3 Slay+3 SInv}
MPRegen 0.17/turn               o - ring of protection from cold

@: lethally poisoned (-3 -> -12), about to teleport, fiery-armoured, slowed,
very slow
A: large, unfitting armour, claws 3, regeneration 1, shaggy fur 1, tough skin 1
a: Renounce Religion, Rising Flame


You were on level 9 of the Dungeon.
You worshipped Ignis.
Ignis was noncommittal.
You visited 1 branch of the dungeon, and saw 9 of its levels.

You collected 505 gold pieces.
You spent 91 gold pieces at shops.


Innate Abilities, Weirdness & Mutations

You are too large for most types of armour.
You have claws for hands.
Your natural rate of healing is unusually fast.
You are covered in fur. (AC +1)
You have tough skin. (AC +1)


   Skills:
 - Level 6.2 Fighting
 + Level 5.2 Throwing
 - Level 1.0 Armour
 - Level 2.2 Dodging
 - Level 14.8 Unarmed Combat
 - Level 1.0 Spellcasting
 - Level 2.1 Fire Magic


You had 12 spell levels left.
You didn't know any spells.
Your spell library contained the following spells:

 Spells                   Type           Power      Damage    Failure   Level
 Scorch                   Fire           14%        2d6       14%         2

Inventory:

Missiles
 n - 6 boomerangs
 p - 2 silver boomerangs
 s - 2 large rocks (quivered)
Armour
 g - a +2 hat (worn)
 j - a +2 robe of positive energy (worn)
 q - a +0 cloak (worn)
Jewellery
 f - the ring of the Pure Realms (left claw) {MP+9 Int+6 Dex+3 Slay+3 SInv}
   (You acquired it on level 1 of the Dungeon)

   [ring of intelligence]

   Int:       It affects your intelligence (+6).
   Dex:       It affects your dexterity (+3).
   Slay:      It affects your accuracy & damage with ranged weapons and melee
   (+3).
   MP:        It affects your magic capacity (+9).
   SInv:      It lets you see invisible.
 k - a ring of resist corrosion
 o - a ring of protection from cold (right claw)
 r - a ring of willpower
Scrolls
 a - a scroll of enchant weapon {unknown}
 h - a scroll of teleportation
 l - 3 scrolls of identify
Potions
 b - a potion of resistance
 c - a potion of heal wounds
 d - 2 potions of mutation
 e - 4 potions of curing
 i - 2 potions of haste
 m - 3 potions of might

Dungeon Overview and Level Annotations

Branches:
Dungeon (9/15)             Temple (0/1) D:7
   Lair: D:8-11         Orc: D:9-12

Altars:
Ashenzari
Elyvilon
Hepliaklqana
Makhleb
Nemelex Xobeh
Okawaru
Ru
Sif Muna
Uskayaw
Vehumet
Wu Jian
Xom

Shops:
D:2 ?:=(   D:5 (   D:6 (


Message History

The hornet is burned by your cloak of flames.
The hornet is lightly wounded.
You closely miss the hornet.
The hornet is lightly wounded.
You feel very sick. The hornet stings you.
You are more poisoned.
You feel as though you will be slow longer.
The hornet is burned by your cloak of flames.
The hornet is lightly wounded.
The gnoll hits you from afar with a +0 spear!
You scratch the hornet.
The hornet is moderately wounded.
You feel very sick. The hornet misses you.
The gnoll hits you but does no damage. The hornet closely misses you.
You closely miss the hornet.
The hornet is moderately wounded.
You feel very sick. The hornet stings you.
You suddenly lose the ability to move!
The hornet is burned by your cloak of flames.
The hornet is moderately wounded.
The gnoll hits you but does no damage. The hornet stings you!
You are more poisoned.
You feel as though you will be slow longer.
The hornet is burned by your cloak of flames.
The hornet is heavily wounded.
You feel very sick. The gnoll hits you but does no damage.
The hornet stings you!
You are more poisoned.
You feel as though you will be slow longer.
The hornet is burned by your cloak of flames.
The hornet is severely wounded.
You can move again.
7527 ||| READING 2 scrolls of teleportation.
As you read the scroll of teleportation, it crumbles to dust.
You feel strangely unstable.
You feel extremely sick. The hornet stings you!
You die...

#.# #### ### #.#
####..###... ##.#####
#....##..... .......###
##'####...... .........#
#....##.... .......#.##
#.####.?.#
.......#..###...@#.ยค.#
.......##..####%%ygK.#
.[.....###..#...##YK.#
.......# ##.'>### K..#
####.### ###....##....
####.##########+## ......
.............## #...$.
.PPPP..####...########..)
..............##.....#####


You could see a yak, a hornet, a kobold brigand, a gnoll and 2 kobolds.

Vanquished Creatures
  A hydra (D:7)
  A wizard (D:7)
  A deep elf pyromancer (D:7)
  An ugly thing (D:9)
  A deep elf zephyrmancer (D:7)
  A cyclops (D:7)
  An orc sorcerer (D:7)
  Joseph (D:7)
  2 gargoyles (D:7)
  A kobold demonologist (D:9)
  A troll (D:7)
  Prince Ribbit (D:6)
  A shadow (D:7)
  2 yaks (D:9)
  A vampire (D:5)
  2 steam dragons
  A wraith (D:7)
  An acid dragon (D:5)
  A water moccasin (D:7)
  2 sky beasts (D:7)
  4 ice beasts
  An ogre (D:7)
  3 centaurs
  A phantom (D:5)
  5 bullfrogs
  A necrophage (D:8)
  2 gnoll sergeants
  3 scorpions
  10 wights
  4 killer bees (D:9)
  A howler monkey (D:8)
  4 crimson imps (D:3)
  2 jellies (D:7)
  2 gnoll boudas
  6 hounds
  3 orc priests (D:7)
  2 orc wizards
  6 iguanas
  14 gnolls
  6 adders
  A shadow imp (D:7)
  3 white imps
  2 worms (D:2)
  3 dart slugs
  23 orcs
  4 ball pythons
  4 bats
  6 endoplasms
  4 giant cockroaches
  8 goblins
  8 hobgoblins
  4 jackals
  4 quokkas
  6 frilled lizards
  4 kobolds
  A rat (D:3)
189 creatures vanquished.

Vanquished Creatures (others)
  A white imp (D:6)
  An orc (D:7)
  4 plants (D:3)
6 creatures vanquished.

Grand Total: 195 creatures vanquished

Notes
Turn   | Place    | Note
-------+----------+-------------------------------------------
     0 | D:1      | qw the Troll Cinder Acolyte began the quest for the Orb.
     0 | D:1      | Reached XP level 1. HP: 22/22 MP: 1/1
     0 | D:1      | 0 ||| qw: Version: 0.1-a-97-g2dd2ca4
     0 | D:1      | 0 ||| qw: Game counter: 4892
     0 | D:1      | 0 ||| qw: Always use a shield: true
     0 | D:1      | 0 ||| qw: God list: Okawaru
     0 | D:1      | 0 ||| qw: Allow faded altars: false
     0 | D:1      | 0 ||| qw: Do Orc after D:15 true
     0 | D:1      | 0 ||| qw: Do second Lair branch before Depths: true
     0 | D:1      | 0 ||| qw: Lair rune preference: random
     0 | D:1      | 0 ||| qw: Plans: Normal
     0 | D:1      | 0 ||| PLANNING D:1-11
   129 | D:1      | Reached XP level 2. HP: 27/29 MP: 2/2
   139 | D:1      | 139 ||| Stepping ~*~*~tactically~*~*~ (stealth).
   140 | D:1      | 140 ||| Stepping ~*~*~tactically~*~*~ (stealth).
   354 | D:1      | 354 ||| Stepping ~*~*~tactically~*~*~ (hiding).
   359 | D:1      | Reached skill level 4 in Unarmed Combat
   573 | D:1      | Found a faded altar of an unknown god.
   604 | D:1      | 604 ||| Stepping ~*~*~tactically~*~*~ (outnumbered).
   607 | D:1      | 607 ||| Stepping ~*~*~tactically~*~*~ (stealth).
   609 | D:1      | Reached XP level 3. HP: 36/36 MP: 3/3
   833 | D:1      | 833 ||| READING scroll labelled ILOCUKITIO.
   833 | D:1      | Identified a scroll of acquirement
   833 | D:1      | 833 ||| ACQUIRING ring of the Pure Realms {MP+9 Int+6 Dex+3
                  | Slay+3 SInv}
   833 | D:1      | Acquired the ring of the Pure Realms {MP+9 Int+6 Dex+3
                  | Slay+3 SInv}
   835 | D:1      | 835 ||| UPGRADING to ring of the Pure Realms {MP+9 Int+6
                  | Dex+3 Slay+3 SInv}.
   905 | D:1      | 905 ||| READING scroll labelled RUL ROECRY.
   923 | D:2      | Found Silac's Antique Weapon Emporium.
   994 | D:2      | Found Piweym's Jewellery Shoppe.
  1001 | D:2      | 1001 ||| SHOPLISTING +4 ring of slaying (936 gold, have
                  | 69).
  1001 | D:2      | 1001 ||| SHOPLISTING amulet of reflection (360 gold, have
                  | 69).
  1001 | D:2      | 1001 ||| SHOPLISTING ring of fire (300 gold, have 69).
  1001 | D:2      | 1001 ||| SHOPLISTING ring of see invisible (180 gold, have
                  | 69).
  1001 | D:2      | 1001 ||| SHOPLISTING ring of the Chewing Gods {Fire Drain
                  | rN+++ Int+4} (669 gold, have 69).
  1001 | D:2      | 1001 ||| SHOPLISTING ring of willpower (300 gold, have 69).
  1038 | D:2      | Found Koosont's Book Shop.
  1182 | D:2      | Found Huowo's Magic Scroll Boutique.
  1187 | D:2      | 1187 ||| BUYING scroll of identify (26 gold).
  1187 | D:2      | Bought a scroll of identify for 26 gold pieces
  1187 | D:2      | 1187 ||| BUYING scroll of identify (26 gold).
  1187 | D:2      | Bought a scroll of identify for 26 gold pieces
  1187 | D:2      | 1187 ||| BUYING scroll of teleportation (39 gold).
  1187 | D:2      | Bought a scroll of teleportation for 39 gold pieces
  1363 | D:2      | Found Utzix's Weapon Shoppe.
  1394 | D:2      | 1394 ||| Stepping ~*~*~tactically~*~*~ (hiding).
  1425 | D:2      | 1425 ||| Stepping ~*~*~tactically~*~*~ (stealth).
  1427 | D:2      | 1427 ||| Stepping ~*~*~tactically~*~*~ (outnumbered).
  1509 | D:2      | Found a sparkling altar of Nemelex Xobeh.
  1686 | D:2      | 1686 ||| DROPPING amulet of magic regeneration.
  1687 | D:2      | 1687 ||| DROPPING ring of wizardry.
  1688 | D:2      | 1688 ||| DROPPING ring of magical power.
  1689 | D:2      | 1689 ||| READING scroll labelled XUJUPPOFRE.
  1790 | D:2      | 1790 ||| READING scroll labelled MOVUT BEEPLUUGH.
  1791 | D:2      | 1791 ||| READING scroll labelled TAHE CIQOCW.
  1792 | D:2      | 1792 ||| READING scroll labelled WUOVVA YMIUC.
  1793 | D:2      | 1793 ||| READING scroll labelled GICOCL ETYREI.
  1794 | D:2      | 1794 ||| DRINKING 2 fizzy ruby potions.
  1795 | D:2      | 1795 ||| DRINKING 2 fizzy orange potions.
  1796 | D:2      | 1796 ||| DRINKING 2 bubbling cyan potions.
  1825 | D:2      | 1825 ||| DRINKING 2 amethyst potions.
  1826 | D:2      | 1826 ||| READING 6 scrolls of identify.
  1826 | D:2      | 1826 ||| IDENTIFYING sapphire potion
  1827 | D:2      | 1827 ||| READING 5 scrolls of identify.
  1827 | D:2      | 1827 ||| IDENTIFYING cyan potion
  1828 | D:2      | 1828 ||| DROPPING potion of flight.
  1829 | D:2      | 1829 ||| DROPPING potion of magic.
  1830 | D:2      | 1830 ||| DROPPING potion of lignification.
  1860 | D:3      | 1860 ||| Stepping ~*~*~tactically~*~*~ (stealth).
  1861 | D:3      | 1861 ||| Stepping ~*~*~tactically~*~*~ (stealth).
  2020 | D:3      | 2020 ||| Stepping ~*~*~tactically~*~*~ (stealth).
  2022 | D:3      | 2022 ||| Stepping ~*~*~tactically~*~*~ (hiding).
  2022 | D:3      | Found a hide-covered altar of Uskayaw.
  2026 | D:3      | 2026 ||| Stepping ~*~*~tactically~*~*~ (outnumbered).
  2027 | D:3      | 2027 ||| Stepping ~*~*~tactically~*~*~ (outnumbered).
  2028 | D:3      | 2028 ||| INVOKING Fiery Armour.
  2029 | D:3      | 2029 ||| Stepping ~*~*~tactically~*~*~ (outnumbered).
  2030 | D:3      | 2030 ||| Stepping ~*~*~tactically~*~*~ (outnumbered).
  2031 | D:3      | 2031 ||| Stepping ~*~*~tactically~*~*~ (outnumbered).
  2066 | D:3      | Reached XP level 4. HP: 44/44 MP: 4/4
  2096 | D:3      | Found an iron altar of Okawaru.
  2101 | D:3      | 2101 ||| Stepping ~*~*~tactically~*~*~ (stealth).
  2106 | D:3      | Reached skill level 5 in Unarmed Combat
  2140 | D:3      | 2140 ||| Stepping ~*~*~tactically~*~*~ (stealth).
  2353 | D:3      | 2353 ||| Stepping ~*~*~tactically~*~*~ (stealth).
  2359 | D:3      | 2359 ||| Stepping ~*~*~tactically~*~*~ (stealth).
  2394 | D:3      | Found a shimmering altar of Xom.
  2395 | D:3      | 2395 ||| Stepping ~*~*~tactically~*~*~ (hiding).
  2396 | D:3      | 2396 ||| Stepping ~*~*~tactically~*~*~ (hiding).
  2405 | D:3      | Reached XP level 5. HP: 50/50 MP: 5/5
  2410 | D:3      | Reached skill level 6 in Unarmed Combat
  2411 | D:3      | Reached skill level 1 in Dodging
  2557 | D:3      | 2557 ||| DRINKING 4 bubbling dark potions.
  2558 | D:3      | 2558 ||| READING 4 scrolls of identify.
  2558 | D:3      | 2558 ||| IDENTIFYING fuming white potion
  2608 | D:4      | 2608 ||| Stepping ~*~*~tactically~*~*~ (stealth).
  2610 | D:4      | 2610 ||| Stepping ~*~*~tactically~*~*~ (stealth).
  3051 | D:4      | 3051 ||| Stepping ~*~*~tactically~*~*~ (hiding).
  3057 | D:4      | 3057 ||| INVOKING Fiery Armour.
  3062 | D:4      | Reached XP level 6. HP: 53/59 MP: 6/6
  3258 | D:4      | 3258 ||| READING scroll labelled ARE GEATOITY.
  3259 | D:4      | 3259 ||| READING 4 scrolls of identify.
  3259 | D:4      | 3259 ||| IDENTIFYING ruby potion
  3346 | D:4      | 3346 ||| READING scroll of teleportation.
  3347 | D:4      | 3347 ||| STAIRDANCE
  3461 | D:4      | 3461 ||| Stepping randomly (stuck).
  3476 | D:5      | Entered Level 5 of the Dungeon
  3509 | D:5      | Found a radiant altar of Vehumet.
  3565 | D:5      | Reached skill level 7 in Unarmed Combat
  3625 | D:5      | Noticed an ice beast
  3632 | D:5      | Killed an ice beast
  3639 | D:5      | Noticed an acid dragon
  3640 | D:5      | 3640 ||| Stepping ~*~*~tactically~*~*~ (hiding).
  3647 | D:5      | Reached skill level 8 in Unarmed Combat
  3647 | D:5      | Reached XP level 7. HP: 66/66 MP: 7/7
  3660 | D:5      | Reached skill level 3 in Fighting
  3683 | D:5      | 3683 ||| Stepping ~*~*~tactically~*~*~ (stealth).
  3684 | D:5      | 3684 ||| Stepping ~*~*~tactically~*~*~ (stealth).
  3696 | D:5      | Noticed a vampire
  3697 | D:5      | 3697 ||| FLEEEEING.
  3699 | D:5      | 3699 ||| DRINKING 4 potions of curing.
  3699 | D:5      | 3699 ||| (to cure confusion)
  3705 | D:5      | 3705 ||| INVOKING Fiery Armour.
  3706 | D:5      | HP: 8/67 [vampire (10)]
  3707 | D:5      | 3707 ||| READING scroll of teleportation.
  3708 | D:5      | 3708 ||| DRINKING 3 potions of heal wounds.
  3761 | D:5      | Found Olennot's Antique Weapon Shoppe.
  3800 | D:5      | Found a white marble altar of Elyvilon.
  3940 | D:5      | 3940 ||| DRINKING 3 potions of curing.
  3940 | D:5      | 3940 ||| (to cure confusion)
  3950 | D:5      | 3950 ||| INVOKING Fiery Armour.
  3951 | D:5      | Killed a vampire
  3952 | D:5      | Reached skill level 9 in Unarmed Combat
  3952 | D:5      | Reached XP level 8. HP: 32/75 MP: 8/8
  4140 | D:5      | Found a burning altar of Makhleb.
  4389 | D:5      | 4389 ||| UPGRADING to ring of protection from cold.
  4390 | D:5      | 4390 ||| READING 2 scrolls labelled CAESOD WITHEOF.
  4391 | D:5      | 4391 ||| READING scroll labelled JYBBUEWNANWO.
  4392 | D:5      | 4392 ||| READING 4 scrolls of identify.
  4392 | D:5      | 4392 ||| IDENTIFYING orange potion
  4393 | D:5      | 4393 ||| DROPPING scroll of butterflies.
  4394 | D:5      | 4394 ||| DROPPING potion of invisibility.
  4511 | D:6      | Reached skill level 10 in Unarmed Combat
  4518 | D:6      | 4518 ||| FLEEEEING.
  4519 | D:6      | 4519 ||| FLEEEEING.
  4520 | D:6      | 4520 ||| FLEEEEING.
  4521 | D:6      | 4521 ||| FLEEEEING.
  4569 | D:6      | 4569 ||| Stepping ~*~*~tactically~*~*~ (stealth).
  4570 | D:6      | 4570 ||| Stepping ~*~*~tactically~*~*~ (stealth).
  4571 | D:6      | 4571 ||| Stepping ~*~*~tactically~*~*~ (stealth).
  4625 | D:6      | Noticed Prince Ribbit
  4628 | D:6      | Killed Prince Ribbit
  4634 | D:6      | Found an ornate altar of the Wu Jian Council.
  4650 | D:6      | Identified the +10 whip "Jiuddem" {antimagic, rElec rN+
                  | SInv}
  4704 | D:6      | Found Hutofimn's Weapon Shop.
  4837 | D:6      | 4837 ||| Stepping ~*~*~tactically~*~*~ (outnumbered).
  4838 | D:6      | 4838 ||| Stepping ~*~*~tactically~*~*~ (outnumbered).
  4839 | D:6      | 4839 ||| Stepping ~*~*~tactically~*~*~ (outnumbered).
  4840 | D:6      | 4840 ||| Stepping ~*~*~tactically~*~*~ (outnumbered).
  4841 | D:6      | 4841 ||| Stepping ~*~*~tactically~*~*~ (outnumbered).
  4842 | D:6      | 4842 ||| Stepping ~*~*~tactically~*~*~ (outnumbered).
  4953 | D:6      | 4953 ||| Stepping ~*~*~tactically~*~*~ (outnumbered).
  4954 | D:6      | 4954 ||| Stepping ~*~*~tactically~*~*~ (outnumbered).
  4955 | D:6      | 4955 ||| Stepping ~*~*~tactically~*~*~ (outnumbered).
  4956 | D:6      | 4956 ||| Stepping ~*~*~tactically~*~*~ (outnumbered).
  4957 | D:6      | 4957 ||| Stepping ~*~*~tactically~*~*~ (outnumbered).
  4959 | D:6      | 4959 ||| Stepping ~*~*~tactically~*~*~ (hiding).
  4962 | D:6      | 4962 ||| INVOKING Fiery Armour.
  5120 | D:6      | Found a hazy altar of Hepliaklqana.
  5196 | D:7      | Noticed a gargoyle
  5203 | D:7      | Killed a gargoyle
  5203 | D:7      | Noticed a seven-headed hydra
  5204 | D:7      | Reached skill level 11 in Unarmed Combat
  5204 | D:7      | Reached XP level 9. HP: 77/85 MP: 9/9
  5204 | D:7      | 5204 ||| INVOKING Fiery Armour.
  5206 | D:7      | Killed a nine-headed hydra
  5207 | D:7      | Reached skill level 12 in Unarmed Combat
  5207 | D:7      | 5207 ||| FLEEEEING.
  5208 | D:7      | 5208 ||| FLEEEEING.
  5209 | D:7      | 5209 ||| FLEEEEING.
  5210 | D:7      | 5210 ||| FLEEEEING.
  5211 | D:7      | 5211 ||| FLEEEEING.
  5212 | D:7      | 5212 ||| FLEEEEING.
  5213 | D:7      | 5213 ||| FLEEEEING.
  5217 | D:7      | 5217 ||| STAIRDANCE
  5249 | D:6      | 5249 ||| READING 3 scrolls of identify.
  5249 | D:6      | 5249 ||| IDENTIFYING golden potion
  5257 | D:7      | 5257 ||| Stepping ~*~*~tactically~*~*~ (stealth).
  5267 | D:7      | 5267 ||| Stepping ~*~*~tactically~*~*~ (stealth).
  5268 | D:7      | Noticed a deep elf zephyrmancer
  5272 | D:7      | Noticed a wizard
  5276 | D:7      | Killed a deep elf zephyrmancer
  5290 | D:7      | Killed a wizard
  5291 | D:7      | Reached XP level 10. HP: 92/98 MP: 10/10
  5297 | D:7      | Noticed an orc sorcerer
  5298 | D:7      | 5298 ||| Stepping ~*~*~tactically~*~*~ (stealth).
  5300 | D:7      | Noticed a soul eater
  5302 | D:7      | Paralysed by an orc sorcerer for 2 turns
  5305 | D:7      | Killed an orc sorcerer
  5306 | D:7      | 5306 ||| STAIRDANCE
  5377 | D:7      | Found a broken altar of Ashenzari.
  5383 | D:7      | 5383 ||| Stepping ~*~*~tactically~*~*~ (hiding).
  5389 | D:7      | 5389 ||| Stepping ~*~*~tactically~*~*~ (hiding).
  5393 | D:7      | 5393 ||| Stepping ~*~*~tactically~*~*~ (hiding).
  5395 | D:7      | 5395 ||| INVOKING Fiery Armour.
  5396 | D:7      | 5396 ||| Stepping ~*~*~tactically~*~*~ (outnumbered).
  5405 | D:7      | 5405 ||| Stepping ~*~*~tactically~*~*~ (outnumbered).
  5409 | D:7      | Reached skill level 13 in Unarmed Combat
  5490 | D:7      | 5490 ||| Stepping ~*~*~tactically~*~*~ (stealth).
  5587 | D:7      | Noticed Joseph
  5588 | D:7      | 5588 ||| DRINKING potion of cancellation.
  5604 | D:7      | 5604 ||| INVOKING Fiery Armour.
  5609 | D:7      | HP: 17/98 [Joseph/+0 quarterstaff (12)]
  5610 | D:7      | 5610 ||| DRINKING 3 potions of heal wounds.
  5612 | D:7      | Killed Joseph
  5737 | D:7      | 5737 ||| Stepping ~*~*~tactically~*~*~ (hiding).
  5747 | D:7      | 5747 ||| Stepping ~*~*~tactically~*~*~ (hiding).
  5749 | D:7      | 5749 ||| Stepping ~*~*~tactically~*~*~ (hiding).
  5991 | D:7      | Found a staircase to the Ecumenical Temple.
  5991 | D:7      | Noticed a deep elf pyromancer
  5992 | D:7      | 5992 ||| Stepping ~*~*~tactically~*~*~ (stealth).
  6000 | D:7      | Killed a deep elf pyromancer
  6081 | D:7      | Noticed a gargoyle
  6085 | D:7      | 6085 ||| INVOKING Fiery Armour.
  6087 | D:7      | Reached skill level 14 in Unarmed Combat
  6087 | D:7      | Killed a gargoyle
  6088 | D:7      | Reached skill level 6 in Fighting
  6168 | D:7      | 6168 ||| Stepping ~*~*~tactically~*~*~ (outnumbered).
  6178 | D:7      | Reached skill level 3 in Throwing
  6183 | D:7      | 6183 ||| Stepping ~*~*~tactically~*~*~ (hiding).
  6257 | D:7      | Found a sacrificial altar of Ru.
  6365 | D:7      | 6365 ||| Stepping ~*~*~tactically~*~*~ (outnumbered).
  6366 | D:7      | 6366 ||| Stepping ~*~*~tactically~*~*~ (outnumbered).
  6367 | D:7      | 6367 ||| Stepping ~*~*~tactically~*~*~ (outnumbered).
  6368 | D:7      | 6368 ||| Stepping ~*~*~tactically~*~*~ (outnumbered).
  6372 | D:7      | 6372 ||| INVOKING Fiery Armour.
  6375 | D:7      | HP: 16/90 [wight/+1 great sword (14)]
  6376 | D:7      | 6376 ||| DRINKING 2 potions of heal wounds.
  6472 | D:7      | 6472 ||| Stepping ~*~*~tactically~*~*~ (stealth).
  6488 | D:7      | Noticed a cyclops
  6500 | D:7      | Killed a cyclops
  6697 | D:7      | Identified the +0 short sword of War {chaos, rPois rF+}
  6715 | D:7      | 6715 ||| UPGRADING to +1 hat.
  6720 | D:7      | 6720 ||| UPGRADING to +2 robe of positive energy.
  6730 | D:7      | 6730 ||| DROPPING +0 robe.
  6731 | D:7      | 6731 ||| UPGRADING to +0 cloak.
  6736 | D:7      | 6736 ||| READING scroll of enchant armour.
  6736 | D:7      | 6736 ||| ENCHANTING +1 hat.
  6737 | D:7      | 6737 ||| READING 2 scrolls of identify.
  6737 | D:7      | 6737 ||| IDENTIFYING green potion
  6738 | D:7      | 6738 ||| DROPPING potion of degeneration.
  6784 | D:8      | Reached XP level 11. HP: 105/105 MP: 11/11
  6882 | D:8      | 6882 ||| Stepping ~*~*~tactically~*~*~ (hiding).
  6992 | D:8      | 6992 ||| INVOKING Fiery Armour.
  6997 | D:8      | 6997 ||| Stepping ~*~*~tactically~*~*~ (outnumbered).
  6998 | D:8      | 6998 ||| Stepping ~*~*~tactically~*~*~ (outnumbered).
  6999 | D:8      | 6999 ||| Stepping ~*~*~tactically~*~*~ (outnumbered).
  7335 | D:9      | Found a shimmering blue altar of Sif Muna.
  7493 | D:9      | 7493 ||| INVOKING Fiery Armour.
  7495 | D:9      | 7495 ||| Stepping ~*~*~tactically~*~*~ (outnumbered).
  7496 | D:9      | Noticed a cyan ugly thing
  7499 | D:9      | 7499 ||| Stepping ~*~*~tactically~*~*~ (outnumbered).
  7516 | D:9      | Killed a cyan ugly thing
  7520 | D:9      | Reached skill level 1 in Armour
  7520 | D:9      | Paralysed by a hornet for 1 turns
  7525 | D:9      | Paralysed by a hornet for 2 turns
  7526 | D:9      | HP: 16/105 [hornet (11)]
  7527 | D:9      | 7527 ||| READING 2 scrolls of teleportation.
  7527 | D:9      | Slain by a hornet

Levels and vault maps discovered:
D:1:      lightli_arrival_chessboard, layout_loops_ring,
          shapermc_ecumenical_altar_mp_urbaneastern, minmay_tetromino_i2
D:2:      layout_loops_ring, basic_altar, serial_shops, shop, shop,
          nicolae_lakefront_shop, nicolae_lakefront_shop, shop
D:3:      layout_basic, led_xom_imps, okawaru_metal_pillars_1_2,
          eat_drink_and_be_merry_uskayaw, grunt_decor_arrowhead,
          serial_bayou_ford_a
D:4:      layout_basic, serial_rivers, chequers_serial_rivers_micro_c,
          chequers_serial_rivers_small_b, chequers_serial_rivers_micro_a,
          chequers_serial_rivers_micro_c, nicolae_elevator_lobby_plus
D:5:      nicolae_cairo_tiling_large, layout_basic, overflow_temple_1_default,
          vehumet_altar_wand_db, makhleb_heckhound_becter, serial_shops, shop,
          minmay_manual_mess, uniq_crazy_yiuf_cottage
D:6:      layout_layer_cave, nzn_hepliaklqana_mist_gate,
          nicolae_wu_jian_wuxing_cycle, serial_shops,
          nicolae_shop_window_shopping, grunt_ministairs_6, uniq_prince_ribbit1
D:7:      minmay_octagon_keep, layout_basic, mainiacjoe_overflow_catwalk,
          cheibrodos_ashenzari_chains, minmay_temple_entry_antechambers,
          minmay_the_grid_2x2 [minmay_the_grid_tri_star, minmay_the_grid_empty,
          minmay_the_grid_expand, minmay_the_grid_prize_shrinking_boxes],
          uniq_joseph
D:8:      layout_rooms
D:9:      layout_roguey, cheibriados_altar_1, mainiacjoe_overflow_boulevard,
          hangedman_abyss_or_decor_stabs, minmay_misc_feat_encased,
          grunt_potential

Skill      XL: |  1  2  3  4  5  6  7  8  9 10 11 |
---------------+----------------------------------+-----
Unarmed Combat | 4 5 6 8 9 11 12 14 | 14.8
Dodging        | 1 2 |  2.2
Fighting       | 3 4 5 6 |  6.2
Throwing       | 2 3 5 |  5.2
Armour         | 1 |  1.0
Spellcasting   | |  1.0
Fire Magic     | |  2.1

Action                   |  1- 3 |  4- 6 |  7- 9 | 10-12 || total
-------------------------+-------+-------+-------+-------++-------
Melee: Unarmed           |    99 |    69 |   116 |   162 ||   446
       Punch             |     2 |     1 |     4 |     8 ||    15
Throw: Boomerang         |    13 |    17 |    37 |    30 ||    97
       Large rock        |       |       |       |     5 ||     5
Invok: Fiery Armour      |     1 |     1 |     4 |     6 ||    12
  Use: Scroll            |     9 |     4 |     5 |     3 ||    21
       Potion            |     4 |     1 |     3 |     3 ||    11
 Stab: Distracted        |       |       |       |     1 ||     1
Armor: Robe              |    27 |    23 |    31 |    52 ||   133
Dodge: Dodged            |    37 |    22 |    30 |    62 ||   151

Table legend:
 A = Non-vault XP
 B = Vault XP
 C = Vault XP percentage of total XP
 D = Non-vault monster count
 E = Vault monster count
 F = Vault count percentage of total count
                 A         B        C        D         E       F
            +---------+---------+-------+---------+---------+-------
      Total |    3103 |   10095 |  76.5 |     130 |      59 |  31.2
            +---------+---------+-------+---------+---------+-------
        D:1 |      40 |       4 |   9.1 |      22 |       2 |   8.3
        D:2 |      32 |       0 |   0.0 |      14 |       0 |   0.0
        D:3 |      35 |     196 |  84.8 |      18 |       4 |  18.2
        D:4 |     169 |       0 |   0.0 |      15 |       0 |   0.0
        D:5 |     461 |     699 |  60.3 |       7 |      10 |  58.8
        D:6 |     819 |     342 |  29.5 |      19 |       3 |  13.6
        D:7 |    1003 |    7160 |  87.7 |      25 |      30 |  54.5
        D:8 |     432 |       0 |   0.0 |       9 |       0 |   0.0
        D:9 |     112 |    1694 |  93.8 |       1 |      10 |  90.9
            +---------+---------+-------+---------+---------+-------
